 Dungeon Crawl Stone Soup version 0.30-b1-5-g8e6c1be481 (console) character file.

Game seed: 7154790220429601803

2024 thromnambular the Ducker (level 9, -2/133 HPs)
             Began as an Ogre Air Elementalist on May 3, 2023.
             Killed by miscasting Airstrike (6 damage)
             ... on level 6 of the Dungeon.
             The game lasted 00:37:10 (7918 turns).

thromnambular the Ducker (Ogre Air Elementalist)    Turns: 7918, Time: 00:37:11

Health: -2/133     AC: 24    Str: 16    XL:     9   Next: 23%
Magic:  3/14       EV:  1    Int: 17    God:
Gold:   282        SH:  0    Dex: 15    Spells: 8/15 levels left

rFire   . . .        r - +7 mace "Ozaeck" {vamp, rC+ Str+3}
rCold   + . .        (no shield)
rNeg    . . .        a - melded +1 robe
rPois   +            (helmet currently unavailable)
rElec   .            k - melded +1 cloak "Ment" {Fly rPois rC+ Str+2}
rCorr   .            (gloves unavailable)
SInv    .            (boots unavailable)
Will    +....        (no amulet)
Stlth   ++           (no ring)
HPRegen 0.42/turn    (no ring)
MPRegen 0.14/turn

%: no passive effects
@: mighty, brilliant, tree-form, very slightly contaminated, hasted, invisible,
very quick
A: stationary, stasis, torment immunity, boosted hp, large, unfitting armour,
(tough skin 1), (antennae 1), (hooves 1), agile 1, strong-willed 1, MP-powered
wands
a: no special abilities


You were on level 6 of the Dungeon.
You were a tree.
You visited 1 branch of the dungeon, and saw 6 of its levels.
You also visited: Sewer.

You collected 282 gold pieces.

Inventory:

Hand Weapons
 b - a +0 mace
 e - a +0 club
 h - a +0 whip of holy wrath
 r - the +7 mace "Ozaeck" (weapon) {vamp, rC+ Str+3}
   (You took it off a gnoll on level 4 of the Dungeon)

   Str:       It affects your strength (+3).
   rC:        It protects you from cold.
Armour
 a - a +1 robe (melded)
 k - the +1 cloak "Ment" (melded) {Fly rPois rC+ Str+2}
   (You found it on level 3 of the Dungeon)

   Str:       It affects your strength (+2).
   rC:        It protects you from cold.
   rPois:     It protects you from poison.
   Fly:       It grants you flight.
Wands
 i - a wand of polymorph (9)
Scrolls
 m - 2 scrolls of magic mapping
 o - a scroll of vulnerability {unknown}
 q - 3 scrolls of teleportation
 t - a scroll of fear {unknown}
Potions
 c - a potion of lignification
 d - 4 potions of flight
 f - 3 potions of berserk rage
 g - 3 potions of attraction


   Skills:
 + Level 5.7 Fighting
 + Level 6.4 Maces & Flails
 + Level 6.7 Dodging
 - Level 1.4 Stealth
 - Level 3.6 Spellcasting
 - Level 0.8 Conjurations
 - Level 4.0 Air Magic


You had 8 spell levels left.
You knew the following spells:

 Your Spells              Type           Power      Damage    Failure   Level
a - Shock                 Conj/Air       68%        1d7       6%          1
b - Static Discharge      Conj/Air       34%        2-4/arc   9%          2
c - Airstrike             Air            12%        2d(2-18)  32%         4

Your spell library contained the following spells:

 Spells                   Type           Power      Damage    Failure   Level
 Swiftness                Air            25%        N/A       10%         3
 Scorch                   Fire           8%         2d5       26%         2
 Call Canine Familiar     Summ           4%         N/A       45%         3
 Inner Flame              Hex/Fire       4%         N/A       45%         3
 Portal Projectile        Hex/Tloc       8%         N/A       45%         3
 Flame Wave               Conj/Fire      6%         2d5       80%         4
 Leda's Liquefaction      Hex/Erth       2%         N/A       86%         4
 Yara's Violent Unravell  Hex/Tmut       2%         3d3       99%         5
 Summon Cactus Giant      Summ           2%         N/A       100%        6
 Enfeeble                 Hex            2%         N/A       100%        7


Dungeon Overview and Level Annotations

Branches:
Dungeon (6/15)             Temple (0/1) D:5           Sewer (visited)

Altars:

Shops:
D:5 (   D:6 =

Annotations:
D:6 2 runed translucent doors, Kelyas's ghost, novice DsCj


Innate Abilities, Weirdness & Mutations

You are a tree.
Your roots penetrate the ground, keeping you stationary.
You cannot be teleported.
You are immune to unholy pain and torment.
Your maximum health is greatly increased.
Your equipment is partially melded.
You are too large for most types of armour.
((You have tough skin. (AC +1)))
((You have a pair of small antennae on your head.))
((You have large cloven feet.))
You are agile. (Dex +4, Str/Int -1)
You are strong-willed. (Will+)
You expend magic power (3 MP) to strengthen your wands.


Message History

The air twists around and strikes the centaur zombie!
The centaur zombie is almost destroyed.
The ogre shouts! x2
The centaur zombie hits you but does no damage.
The centaur zombie kicks you but does no damage.
The centaur zombie barely misses you.
The centaur zombie kicks you but does no damage.
Casting: Airstrike (dangerous; 32% risk of failure)
Confirm with . or Enter, or press ? or * to list all spells.
Aiming: Airstrike (dangerous; 32% risk of failure)
Press: ? - help, Dir - move target, f/p - centaur zombie
Aim: a centaur zombie (almost destroyed, unable to see you, empty space bonus: 5/8)
You feel a surge of power!
You miscast Airstrike.
Nothing appears to happen.
The centaur zombie hits you but does no damage.
The centaur zombie kicks you but does no damage.
Casting: Airstrike (dangerous; 32% risk of failure)
Confirm with . or Enter, or press ? or * to list all spells.
Aiming: Airstrike (dangerous; 32% risk of failure)
Press: ? - help, Dir - move target, f/p - centaur zombie
Aim: a centaur zombie (almost destroyed, unable to see you, empty space bonus: 5/8)
You feel a surge of power!
The air twists around and strikes the centaur zombie.
You destroy the centaur zombie!
Aiming: Polymorph
Press: ? - help, Shift-Dir - straight line, f - ogre
Aim: an ogre, wielding a +0 giant club (unable to see you, will become a water moccasin, a naga, or a black bear, chance to affect: 52%)
Okay, then.
It was a potion of might.
You feel very mighty all of a sudden.
A steam dragon comes into view.
Okay, then.
It was a potion of haste.
You feel yourself speed up.
Casting: Airstrike (dangerous; 32% risk of failure)
Confirm with . or Enter, or press ? or * to list all spells.
Aiming: Airstrike (dangerous; 32% risk of failure)
Press: ? - help, Dir - move target, f - ogre
Aim: an ogre, wielding a +0 giant club (unable to see you, empty space bonus: 7/8)
You feel a surge of power!
You miscast Airstrike.
You are caught in an explosion of electrical discharges.
You die...

#..........#
..#..........#
#P..~..........#########.#
. ~~....W...............#
~~~P........$.........
~~~.................#
~~~.................#
.~P.........#..#....#
............#♣)O..#.
#....###.####.))..#.#
#.... #.# #<.#<....# ###
### ######...# # #..... #
#........ # .........
.#.......#####
.............##


You could see an ogre (unable to see you).

Vanquished Creatures
  A hornet zombie (D:6)
  A black bear (D:4)
  An ogre (D:5)
  3 phantoms
  A kobold brigand (D:5)
  A gnoll sergeant (D:5)
  6 scorpions
  A water moccasin zombie (D:6)
  A centaur zombie (D:6)
  A bullfrog zombie (D:6)
  5 hounds
  5 orc priests
  A bullfrog skeleton (D:6)
  A gnoll bouda (D:3)
  A jelly (D:3)
  Jessica (D:2)
  A sleepcap (D:4)
  2 orc wizards (D:6)
  A killer bee zombie (D:6)
  12 gnolls
  13 adders
  2 river rats
  A shadow imp (D:5)
  2 white imps (D:6)
  2 ufetubi
  A worm (D:2)
  3 dart slugs
  18 orcs
  4 bats
  12 endoplasms
  5 giant cockroaches
  10 goblins
  5 hobgoblins
  3 jackals (D:1)
  14 kobolds
  4 quokkas
  6 ball pythons
  6 frilled lizards
  14 rats
172 creatures vanquished.

Vanquished Creatures (others)
  A plant (D:5)
  3 withered plants (D:6)
4 creatures vanquished.

Grand Total: 176 creatures vanquished

Notes
Turn   | Place    | Note
-------+----------+-------------------------------------------
     0 | D:1      | thromnambular the Ogre Air Elementalist began the quest for
                  | the Orb.
     0 | D:1      | Reached XP level 1. HP: 16/16 MP: 3/3
   108 | D:1      | Reached skill level 1 in Fighting
   237 | D:1      | Reached XP level 2. HP: 27/27 MP: 0/5
   991 | D:1      | Reached XP level 3. HP: 29/35 MP: 0/6
  1481 | D:1      | Reached skill level 1 in Maces & Flails
  1484 | D:1      | Learned a level 2 spell: Static Discharge
  1974 | D:2      | Noticed Jessica
  1985 | D:2      | Killed Jessica
  1986 | D:2      | Reached XP level 4. HP: 6/45 MP: 0/7
  2815 | D:3      | Identified the +1 cloak "Ment" {Fly rPois rC+ Str+2}
  2958 | D:3      | Reached XP level 5. HP: 51/53 MP: 1/8
  3644 | D:3      | Noticed Sigmund
  4010 | D:4      | Noticed a black bear
  4200 | D:4      | Reached XP level 6. HP: 63/63 MP: 1/9
  4410 | D:4      | Found a glowing drain.
  4423 | Sewer    | Entered a sewer
  4564 | Sewer    | Reached skill level 5 in Fighting
  4996 | Sewer    | Gained mutation: Your spells are a little harder to cast,
                  | but a little more powerful. [potion of mutation]
  4996 | Sewer    | Lost mutation: Your spells are a little harder to cast, but
                  | a little more powerful. [potion of mutation]
  4996 | Sewer    | Gained mutation: You are occasionally teleported next to
                  | monsters. [potion of mutation]
  4997 | Sewer    | Lost mutation: You are occasionally teleported next to
                  | monsters. [potion of mutation]
  4997 | Sewer    | Gained mutation: You are agile. (Dex +4, Str/Int -1)
                  | [potion of mutation]
  4997 | Sewer    | Gained mutation: You have large cloven feet. [potion of
                  | mutation]
  4997 | Sewer    | Gained mutation: You have a pair of small antennae on your
                  | head. [potion of mutation]
  4997 | Sewer    | Gained mutation: You have hidden genetic potential. [potion
                  | of mutation]
  5217 | D:4      | Reached XP level 7. HP: 61/72 MP: 3/10
  5512 | D:3      | Sigmund changed into Sigmund the jelly
  5512 | D:3      | Noticed Sigmund
  5519 | D:3      | Killed Sigmund the jelly
  5822 | D:4      | Gained mutation: You are strong-willed. (Will+) [hidden
                  | potential]
  5967 | D:4      | Identified the +7 mace "Ozaeck" {vamp, rC+ Str+3}
  6223 | D:5      | Entered Level 5 of the Dungeon
  6383 | D:5      | Reached XP level 8. HP: 78/80 MP: 9/13
  6460 | D:5      | Learned a level 4 spell: Airstrike
  6692 | D:5      | Found a staircase to the Ecumenical Temple.
  6739 | D:5      | Reached skill level 5 in Dodging
  6976 | D:5      | Gained mutation: You expend magic power (3 MP) to
                  | strengthen your wands. [hidden potential]
  6976 | D:5      | Lost mutation: You have hidden genetic potential. [hidden
                  | potential expressed]
  7147 | D:5      | Found Yhah's Hydra Hut.
  7149 | D:5      | Noticed an eight-headed hydra
  7366 | D:6      | Found a runed translucent door.
  7385 | D:6      | Reached skill level 5 in Maces & Flails
  7478 | D:6      | Found a runed translucent door.
  7486 | D:6      | Found Paxuit's Jewellery Emporium.
  7581 | D:6      | Noticed Kelyas's ghost (novice DsCj)
  7767 | D:5      | Reached XP level 9. HP: 64/88 MP: 1/14
  7905 | D:6      | HP: 1/88 [hornet zombie (4)]
  7910 | D:6      | HP: 1/132 [centaur zombie (3)]
  7918 | D:6      | Killed by miscasting Airstrike

Illustrated notes

Levels and vault maps discovered:
D:1:      minmay_arrival_five_plusses, layout_basic
D:2:      layout_rooms, uniq_jessica
D:3:      layout_rooms, minmay_misc_feat_roman, nicolae_half_adder, uniq_sigmund
D:4:      layout_rooms, portal_sewer_entry_e
D:5:      layout_rooms, minmay_temple_entry_statues_pillars,
          doesnt_shop_hydraphobe
D:6:      layout_rooms, lemuel_coloured_pillars_altar, zin_academy,
          serial_undead, serial_undead_b, serial_undead_d, serial_undead_d,
          serial_undead_f, ebering_ghost_sewer_f, serial_shops,
          nicolae_shop_gaudy_bauble

Skill      XL: |  1  2  3  4  5  6  7  8 |
---------------+-------------------------+-----
Fighting       | 1 2 3 4 5 |  5.7
Dodging        | 2 3 4 6 |  6.7
Maces & Flails | 1 2 3 4 6 |  6.4
Spellcasting   | 3 |  3.6
Air Magic      | 4 |  4.0
Stealth        | |  1.4
Conjurations   | |  0.8

Action                     |  1- 3 |  4- 6 |  7- 9 || total
---------------------------+-------+-------+-------++-------
  Melee: Unarmed           |    15 |       |       ||    15
         Club              |    22 |       |       ||    22
         Whip              |    19 |    59 |       ||    78
         Mace              |       |   109 |   141 ||   250
         Punch             |       |     2 |       ||     2
         Kick              |       |       |    38 ||    38
   Cast: Shock             |    89 |   172 |   124 ||   385
         Static Discharge  |       |       |    24 ||    24
         Airstrike         |       |       |     4 ||     4
  Evoke: Wand              |       |       |     5 ||     5
    Use: Scroll            |       |    10 |     2 ||    12
         Potion            |       |     4 |     7 ||    11
 Armour: Robe              |    26 |    98 |    75 ||   199
         Skin              |       |       |    19 ||    19
  Dodge: Dodged            |    51 |   141 |   156 ||   348
